AoeStats
← NotOgreYet

Lombardia

509932191Analyzed
3v3 RM · 5d ago on Sep 28, 2026· 37m 21s· 6 players
Game mode
Random Map
Map size
Normal (6 player)
Population
200
Speed
Normal
Resources
Standard
Victory
Conquest
Starting age
Dark Age
Ending age
Imperial Age
RankedLock teamsTeams togetherTeam positionsShared explorationLock speedFull tech treeHidden civsTurbo modeCheats
Victory
Defeat
🇬🇧 Hindustanis · United Kingdom
1261
+12
🇬🇧 Spanish · United Kingdom
1165
+16
🇬🇧 Japanese · United Kingdom
1097
+17
🇳🇮 Byzantines · Nicaragua
1183
-16
🇺🇸 Varangians · United States
1152
-15
🇸🇪 Britons · Sweden
1137
-14
Superhoops
11:04 Feudal Age
12:46 Loom
15:50 Castle Age
15:31 Double-Bit Axe
15:30 Horse Collar
17:14 Bow Saw
18:47 Wheelbarrow
22:21 Fletching
23:44 Crossbowman
25:37 Ballistics
26:17 Padded Archer Armor
28:49 Hand Cart
dong
2:10 Loom
11:15 Feudal Age
11:57 Double-Bit Axe
11:54 Horse Collar
19:02 Castle Age
20:30 Husbandry
23:36 Wheelbarrow
25:21 Bloodlines
26:38 Padded Archer Armor
29:13 Fletching
30:38 Bodkin Arrow
31:13 Scale Barding Armor
36:23 Imperial Age
35:11 Forging
36:05 Chain Barding Armor
37:35 Bracer
msandoval
11:20 Feudal Age
12:41 Double-Bit Axe
12:37 Horse Collar
12:49 Loom
17:16 Wheelbarrow
19:30 Castle Age
17:30 Gold Mining
19:32 Stone Mining
19:50 Scale Barding Armor
19:56 Forging
19:48 Fletching
19:58 Padded Archer Armor
20:57 Husbandry
21:11 Bow Saw
21:02 Heavy Plow
21:12 Bodkin Arrow
22:04 Leather Archer Armor
26:04 Hand Cart
30:00 Ballistics
32:14 Imperial Age
30:17 Thumb Ring
31:47 Murder Holes
33:39 Bracer
35:13 Chemistry
35:10 Elite Skirmisher
36:33 Ring Archer Armor
SyonaraSenorita
11:03 Feudal Age
15:29 Castle Age
15:38 Loom
16:18 Double-Bit Axe
17:54 Wheelbarrow
17:26 Horse Collar
28:33 Scale Barding Armor
28:39 Forging
32:40 Wheelbarrow
33:36 Heavy Plow
33:49 Bow Saw
35:21 Bloodlines
35:14 Husbandry
36:59 Hand Cart
36:09 Light Cavalry
NotOgreYet
10:34 Feudal Age
12:56 Forging
13:31 Horse Collar
14:05 Loom
17:46 Castle Age
24:15 Wheelbarrow
26:21 Fletching
27:17 Double-Bit Axe
29:00 Bodkin Arrow
29:41 Heavy Plow
31:43 Scale Mail Armor
32:41 Gold Mining
33:08 Hand Cart
34:36 Scale Barding Armor
40:11 Imperial Age
Lord Brick
8:05 Loom
10:46 Feudal Age
16:34 Castle Age
15:15 Stone Mining
15:28 Double-Bit Axe
15:48 Horse Collar
19:11 Wheelbarrow
20:36 Gambesons
20:53 Squires
22:40 Bow Saw
22:54 Heavy Plow
24:47 Hand Cart
27:06 Gold Mining
28:06 Fletching
28:27 Forging
28:18 Scale Mail Armor
30:20 Arson
30:22 Gambesons
30:38 Squires
31:15 Iron Casting
30:56 Chain Mail Armor
31:33 Elite Skirmisher
32:11 Bodkin Arrow
32:16 Padded Archer Armor
33:27 Yasama
36:19 Imperial Age
34:37 Thumb Ring
35:35 Leather Archer Armor
Connection lost

Rejoining the realm…

Still unreachable

The connection could not be restored.

Session expired

The server has moved on; the page needs a fresh start.